 Dungeon Crawl Stone Soup version 0.27-a0-1331-g60ef6b6952 (webtiles) character file.

Game seed: 13504468154448563299

31 HAL9000 the Sneak (level 3, 0/18 HPs)
             Began as a Vine Stalker Brigand on June 25, 2021.
             Succumbed to an adder's poison
             ... on level 2 of the Dungeon.
             The game lasted 00:01:08 (1389 turns).

HAL9000 the Sneak (Vine Stalker Brigand)            Turns: 1389, Time: 00:01:09

Health: 0/18       AC:  3    Str: 14    XL:     3   Next: 22%
Magic:  2/4        EV: 11    Int: 11    God:
Gold:   37         SH:  0    Dex: 15    Spells: 2/2 levels left

rFire    . . .     SeeInvis .   a - +2 dagger
rCold    . . .     Faith    .   (no shield)
rNeg     . . .     Spirit   +   b - +0 robe
rPois    .         Reflect  .   (no helmet)
rElec    .         Harm     .   c - +0 cloak
rCorr    .         Rampage  .   (no gloves)
Will     .....                  (no boots)
Stlth    +++.......             (no amulet)
HPRegen  0.06/turn              (no ring)
MPRegen  0.09/turn              (no ring)

@: lethally poisoned (0 -> -6)
A: fangs 2, magic shield, antimagic bite, no potion heal 2
a: no special abilities


You were on level 2 of the Dungeon.
You visited 1 branch of the dungeon, and saw 2 of its levels.

You collected 37 gold pieces.

Inventory:

Hand Weapons
 a - a +2 dagger (weapon)
Missiles
 d - 23 poisoned darts (quivered)
 e - 2 curare-tipped darts
Armour
 b - a +0 robe (worn)
 c - a +0 cloak (worn)
Scrolls
 f - 3 scrolls of identify {unknown}
Potions
 g - 3 potions of lignification {unknown}


   Skills:
 - Level 1.7 Fighting
 - Level 1.7 Short Blades
 - Level 1.7 Throwing
 - Level 0.7 Dodging
 + Level 6.3 Stealth


You had 2 spell levels left.
You didn't know any spells.
Your spell library was empty.

Dungeon Overview and Level Annotations

Branches:
Dungeon (2/15)

Altars:


Innate Abilities, Weirdness & Mutations

You have extremely sharp teeth.
When hurt, damage is shared between your health and your magic reserves.
Your bite disrupts and absorbs the magic of your enemies.
Potions cannot restore your health.


Message History

You kill the kobold!
The ball python misses you. The ball python grabs you.
The ball python constricts you. The ball python bites you.
The ball python constricts you.
You closely miss the ball python.
You bite the ball python, but do no damage.
The ball python barely misses you. The ball python constricts you.
You hit the ball python. You bite the ball python.
You kill the ball python!
No target in view!
No target in view!
Things that are here:
a +0 short sword; 2 stones An adder comes into view.
A ball python and a quokka come into view.
The ball python hisses angrily.
The adder bites you.
You barely miss the adder. You bite the adder, but do no damage.
The adder barely misses you.
You barely miss the adder. You bite the adder. You drain its power.
The adder is moderately wounded.
The adder bites you. The adder closely misses you. The adder bites you.
You are poisoned.
The adder poisons you!
Things that are here:
a +0 short sword; 2 stones You feel sick.
You feel sick. The adder bites you.
You feel sick.
You feel sick.
You feel sick. The adder bites you but does no damage.
You feel sick.
You feel sick.
You are no longer poisoned.
The adder bites you.
* * * LOW HITPOINT WARNING * * *
You are lethally poisoned!
The adder poisons you!
You die...

#..........# ..# #..........#
#...# #...# #..........# #...#
#...+ #..........# #...#
#...##+#### #..........####...#
#.........#
###########.......###.........#
#...................#
#.......S...........# #######
###.....@.Sr..........#
......###.'..............)....###
.......##.#...........^#.†.....<.
.......##.#.......##...#.........
......(...#.......##...#.........
......#####.......##...######....
.........##.......##...# #....
...#+#.#.#........##...# #....
##(#.#...#.####...##...# #....


You could see an adder, a quokka and a ball python.

Vanquished Creatures
  4 ball pythons
  A bat (D:1)
  3 endoplasms
  2 giant cockroaches
  3 goblins (D:1)
  2 hobgoblins (D:1)
  2 jackals (D:1)
  2 kobolds
  3 frilled lizards (D:1)
  6 rats
28 creatures vanquished.

Notes
Turn   | Place    | Note
-------+----------+-------------------------------------------
     0 | D:1      | HAL9000 the Vine Stalker Brigand began the quest for the
                  | Orb.
     0 | D:1      | Reached XP level 1. HP: 11/11 MP: 2/2
   164 | D:1      | Reached skill level 5 in Stealth
   305 | D:1      | Reached XP level 2. HP: 15/15 MP: 3/3
   596 | D:1      | Reached skill level 6 in Stealth
   858 | D:1      | Reached XP level 3. HP: 16/18 MP: 4/4
  1389 | D:2      | Succumbed to an adder's poison

Illustrated notes

Levels and vault maps discovered:
D:1:      dpeg_arrival_tiny_i, layout_loops_corners, minmay_pentomino_v2
D:2:      layout_basic, chequers_ecumenical_altar_simple,
          hangedman_decor_peaks_small

Skill      XL: |  1  2 |
---------------+-------+-----
Stealth        | 5 6 |  6.3
Fighting       | |  1.7
Short Blades   | |  1.7
Throwing       | |  1.7
Dodging        | |  0.7

Action                   || total
-------------------------++-------
Melee: Dagger            ||    64
       Bite              ||    19
 Stab: Sleeping          ||    10
Armor: Robe              ||     9
Dodge: Dodged            ||    35

Table legend: (Time is in decaauts)
 A = Elapsed time spent in this place.
 B = Non-inter-level travel time spent in this place.
 C = Inter-level travel time spent in this place.
 D = Time resting spent in this place.
 E = Time spent auto-exploring this place.
 F = Levels seen in this place.
 G = Mean time per level.
                   A        B        C        D        E       F      G
               +--------+--------+--------+--------+--------+-----+--------+
         Total |   1384 |   1336 |     48 |    155 |    981 |   2 |  692.0 |
       Dungeon |   1384 |   1336 |     48 |    155 |    981 |   2 |  692.0 |
               +--------+--------+--------+--------+--------+-----+--------+

Top non-repeatable levels by time:
     D:1: 1086 daAuts
     D:2: 298 daAuts
